Selects Luftwaffe Battlegroup
Selects Luftwaffe Pioneer Support
Fallschirmpioneer Squad Paradrop
Construct Infanterie Kompanie
Fallschirmpioneer Squad Paradrop
Construct Panzergrenadier Kompanie
Selects Stuka Strafing Run
Selects LG40 Recoilless Gun Paradrop
Construct Panzer Kompanie
Selects Infantry Reserves
Pak 40 Anti-tank Gun Team
Panzergrenadier Officer Quarters
Selects Fallschirmjäger Squad Paradrop
Nebelwerfer 42 Rocket Launcher Team
Nebelwerfer 42 Rocket Launcher Team
Pak 40 Anti-tank Gun Team
Fallschirmjäger Squad Paradrop